 Dungeon Crawl Stone Soup version 0.31-a0-188-g5e087ee2ca (webtiles) character file.

Game seed: 16828330159219884870

89 qw the Shooter (level 4, -1/25 HPs)
             Began as a Deep Elf Hunter on June 23, 2023.
             Killed from afar by an orc wizard (5 damage)
             ... with a magic dart
             ... on level 3 of the Dungeon.
             The game lasted 00:00:33 (1300 turns).

qw the Shooter (Deep Elf Hunter)                    Turns: 1300, Time: 00:00:34

Health: -1/25      AC:  5    Str: 10    XL:     4   Next: 31%
Magic:  0/6        EV: 11    Int: 14    God:
Gold:   102        SH:  0    Dex: 18    Spells: 3/3 levels left

rFire   . . .        Y - +0 shortbow
rCold   . . .        (shield currently unavailable)
rNeg    . . .        f - +0 ring mail
rPois   .            (no helmet)
rElec   .            (no cloak)
rCorr   .            (no gloves)
SInv    .            (no boots)
Will    .....        c - amulet of guardian spirit
Stlth   +            (no ring)
HPRegen 0.24/turn    (no ring)
MPRegen 0.10/turn

%: guardian spirit
@: no status effects
A: no striking features
a: no special abilities


You were on level 3 of the Dungeon.
You visited 1 branch of the dungeon, and saw 3 of its levels.

You collected 102 gold pieces.


   Skills:
 - Level 1.5 Fighting
 + Level 7.7 Ranged Weapons
 - Level 2.4 Dodging
 - Level 1.2 Stealth


You had 3 spell levels left.
You didn't know any spells.
Your spell library was empty.

Inventory:

Hand Weapons
 Y - a +0 shortbow (weapon)
Armour
 f - a +0 ring mail (worn)
Jewellery
 c - an amulet of guardian spirit (around neck)
Potions
 a - a potion of magic {unknown}
 d - a potion of degeneration {unknown}
 h - a potion of curing
 k - a potion of heal wounds {unknown}

Dungeon Overview and Level Annotations

Branches:
Dungeon (3/15)

Altars:


Message History

The orc wizard points at you and mumbles some strange words.
You are confused.
1290 ||| DRINKING 2 potions of curing.
You feel better.
1290 ||| (to cure confusion)
The orc wizard hits you but does no damage.
You shoot an arrow. The arrow hits the orc wizard!
The orc wizard is heavily wounded.
The orc hits you from afar with a +1 heavy trident.
The orc wizard points at you and mumbles some strange words.
The magic dart hits you!
You shoot an arrow.
The arrow closely misses the orc wizard.
The orc hits you from afar with a +1 heavy trident.
The orc wizard hits you but does no damage.
You shoot an arrow. The arrow barely misses the orc wizard.
The orc wizard hits you with a +0 dagger.
You shoot an arrow. The arrow barely misses the orc wizard.
The orc barely misses you. The orc wizard closely misses you.
You shoot an arrow.
The arrow closely misses the orc wizard.
The orc barely misses you. The orc wizard closely misses you.
You shoot an arrow. The arrow barely misses the orc wizard.
The orc wizard points at you and mumbles some strange words.
The puff of flame misses you.
The orc hits you from afar with a +1 heavy trident!
The orc wizard hits you but does no damage.
You shoot an arrow. The arrow misses the orc wizard.
The orc barely misses you. The orc wizard closely misses you.
You shoot an arrow. The arrow barely misses the orc wizard.
The orc wizard barely misses you.
You shoot an arrow. The arrow barely misses the orc wizard.
The orc hits you but does no damage.
The orc wizard hits you but does no damage.
You shoot an arrow.
The arrow hits the orc wizard but does no damage.
The orc wizard is heavily wounded.
The orc hits you from afar with a +1 heavy trident.
The orc wizard gestures at you while chanting.
The magic dart hits you.
You die...

#. o .
o#####.
)..#..
#...# #.
.o.# .
#o## .##
#@.# ..#
##.###
#.#
#...###.#
###...<.#
####..##
##..##
#...##
##...####
#.#....##


You could see an orc wizard and an orc.

Vanquished Creatures
  Jessica (D:2)
  An adder (D:2)
  3 orcs (D:3)
  A ball python (D:1)
  6 bats
  5 endoplasms
  4 giant cockroaches
  6 goblins
  11 hobgoblins
  A quokka (D:2)
  A frilled lizard (D:1)
  5 rats
45 creatures vanquished.

Notes
Turn   | Place    | Note
-------+----------+-------------------------------------------
     0 | D:1      | qw the Deep Elf Hunter began the quest for the Orb.
     0 | D:1      | Reached XP level 1. HP: 12/12 MP: 3/3
     0 | D:1      | 0 ||| qw: Version: 0.3-a-9-g12657ce
     0 | D:1      | 0 ||| qw: Game counter: 3910
     0 | D:1      | 0 ||| qw: Always use a shield: true
     0 | D:1      | 0 ||| qw: God list: Okawaru
     0 | D:1      | 0 ||| qw: Allow faded altars: false
     0 | D:1      | 0 ||| qw: Do Orc after D:15 true
     0 | D:1      | 0 ||| qw: Do second Lair branch before Depths: true
     0 | D:1      | 0 ||| qw: Lair rune preference: random
     0 | D:1      | 0 ||| qw: Plans: Normal
     0 | D:1      | 0 ||| PLANNING D:1-11
   202 | D:1      | Reached skill level 6 in Ranged Weapons
   202 | D:1      | Reached XP level 2. HP: 12/16 MP: 4/4
   514 | D:1      | 514 ||| UPGRADING to +0 ring mail.
   524 | D:1      | 524 ||| DROPPING +0 leather armour.
   525 | D:1      | 525 ||| READING scroll labelled ONOGEE WUUMIR.
   526 | D:1      | 526 ||| READING scroll labelled UKICOH HADE.
   527 | D:1      | 527 ||| READING scroll labelled LIRUYBBI ZORI.
   528 | D:1      | 528 ||| READING scroll labelled ECVIDW EBBIHIU.
   529 | D:1      | 529 ||| DROPPING scroll of butterflies.
   605 | D:2      | Noticed Jessica
   621 | D:2      | Killed Jessica
   622 | D:2      | Reached skill level 7 in Ranged Weapons
   622 | D:2      | Reached XP level 3. HP: 15/20 MP: 5/5
   823 | D:2      | Reached XP level 4. HP: 25/25 MP: 6/6
  1201 | D:2      | 1201 ||| UPGRADING to amulet of guardian spirit.
  1206 | D:2      | 1206 ||| READING scroll labelled GOMUCVANKI.
  1207 | D:2      | 1207 ||| DRINKING 2 bubbling emerald potions.
  1282 | D:3      | 1282 ||| Stepping ~*~*~tactically~*~*~ (outnumbered).
  1290 | D:3      | 1290 ||| DRINKING 2 potions of curing.
  1290 | D:3      | 1290 ||| (to cure confusion)
  1296 | D:3      | HP: 6/25 [orc/+1 heavy trident (6)]
  1300 | D:3      | Killed from afar by an orc wizard

Levels and vault maps discovered:
D:1:      matt_arrival_diagonals, layout_basic
D:2:      layout_basic, nicolae_kite_square_tiling_tiny, uniq_jessica
D:3:      layout_rooms, nicolae_tso_besieged_by_evil,
          shapermc_ecumenical_altar_venn, uniq_crazy_yiuf_cottage, uniq_grinder,
          uniq_terence

Skill      XL: |  1  2 |
---------------+-------+-----
Ranged Weapons | 6 7 |  7.7
Fighting       | |  1.5
Dodging        | |  2.4
Stealth        | |  1.2

Action                     |  1- 3 |  4- 6 || total
---------------------------+-------+-------++-------
   Fire: Shortbow          |    81 |    53 ||   134
    Use: Scroll            |     4 |     1 ||     5
         Potion            |       |     2 ||     2
 Armour: Leather armour    |     4 |       ||     4
         Ring mail         |     1 |     8 ||     9
  Dodge: Dodged            |     7 |    12 ||    19

Table legend:
 A = Non-vault XP
 B = Vault XP
 C = Vault XP percentage of total XP
 D = Non-vault monster count
 E = Vault monster count
 F = Vault count percentage of total count
                 A         B        C        D         E       F
            +---------+---------+-------+---------+---------+-------
      Total |      91 |      37 |  28.9 |      44 |       1 |   2.2
            +---------+---------+-------+---------+---------+-------
        D:1 |      29 |       0 |   0.0 |      18 |       0 |   0.0
        D:2 |      46 |      37 |  44.6 |      19 |       1 |   5.0
        D:3 |      16 |       0 |   0.0 |       7 |       0 |   0.0
            +---------+---------+-------+---------+---------+-------
